 Dungeon Crawl Stone Soup version 0.20-a0-850-ge5a7832 (console) character file.

7975 yesno the Transmogrifier (level 11, -12/97 HPs)
             Began as a Purple Draconian Transmuter on Mar 8, 2017.
             Was an Elder of Ashenzari.
             Mangled by a spriggan
             ... wielding a +0 rapier
              (15 damage)
             ... on level 9 of the Dungeon on Mar 10, 2017.
             The game lasted 01:21:28 (11471 turns).

yesno the Transmogrifier (DrTm)                    Turns: 11471, Time: 01:21:29

Health: -12/97     AC: 10    Str: 12    XL:     11   Next: 3%
Magic:  0/14       EV: 12    Int: 17    God:    Ashenzari [****..]
Gold:   463        SH:  0    Dex: 12    Spells: 3/14 levels left

rFire    . . .     SeeInvis +     - Unarmed
rCold    + . .     Gourm    .   (armour unavailable)
rNeg     . . .     Faith    .   (no shield)
rPois    +         Spirit   .   (helmet restricted)
rElec    .         Reflect  .   L - +0 cloak
rCorr    .         Harm     .   e - +1 pair of gloves
MR       +....     Clarity  +   (no boots)
Stlth    +.........             C - amulet of regeneration (curse)
Regen    0.7/turn               x - ring of protection from cold
MPRegen  0.2/turn               y - ring of poison resistance (curse)

@: no status effects
A: breathe power, unfitting armour, cold-blooded, AC +7
a: Breathe Dispelling Energy, Curse Item, Scrying, Renounce Religion


You were on level 9 of the Dungeon.
You worshipped Ashenzari.
Ashenzari was greatly pleased with you.
You were near starving.

You visited 2 branches of the dungeon, and saw 12 of its levels.
You also visited: Bailey.

You collected 463 gold pieces.

Inventory:

Hand Weapons
 b - a +3 blowgun
 c - a +1 hunting sling of freezing
Missiles
 a - 9 arrows (quivered)
 n - 187 stones
 t - 54 poisoned needles
 I - 14 tomahawks of returning
Armour
 e - a +1 pair of gloves (worn)
 k - a +0 pair of gloves
 m - a +1 helmet
 B - a +0 shield
 L - a +0 cloak (worn)
 W - a +0 buckler
Magical Staves
 T - an uncursed staff of conjuration
Jewellery
 v - an uncursed amulet of faith
 x - a ring of protection from cold (right hand)
 y - a cursed ring of poison resistance (left hand)
 C - a cursed amulet of regeneration (around neck)
 M - an uncursed ring of protection from magic
Wands
 d - a wand of acid (8/15)
 i - a wand of confusion (21/48)
 F - a wand of iceblast (6/15)
 Q - a wand of lightning (9/15)
 R - a wand of lightning (5/15)
 V - a wand of lightning (8/15)
Scrolls
 f - a scroll of enchant weapon {unknown}
 h - a scroll of blinking {unknown}
 j - a scroll of enchant armour
 l - 3 scrolls of magic mapping
 p - 2 scrolls of remove curse
 q - a scroll of vulnerability {unknown}
 u - 3 scrolls of recharging
 O - a scroll of fog
Potions
 r - 2 potions of agility
 s - a potion of degeneration {unknown}
 z - a potion of lignification
 A - a potion of haste
 G - 2 potions of flight
 K - a potion of cancellation {unknown}
 U - 3 potions of brilliance
 Y - 3 potions of might
 Z - a potion of mutation {unknown}
Books
 w - a book of Changes

   Spells                             Type                      Level
   a - Beastly Appendage              Transmutation                1
   b - Sticks to Snakes               Transmutation                2
   c - Spider Form                    Transmutation/Poison         3
   d - Ice Form                       Ice/Transmutation            4
   e - Blade Hands                    Transmutation                5
 D - a book of Cantrips

   Spells                             Type                      Level
   a - Confusing Touch                Hexes                        1
   b - Animate Skeleton               Necromancy                   1
   c - Summon Small Mammal            Summoning                    1
   d - Apportation                    Translocation                1
 N - a book of Misfortune

   Spells                             Type                      Level
   a - Confusing Touch                Hexes                        1
   b - Confuse                        Hexes                        3
   c - Gell's Gravitas                Translocation                3
   d - Petrify                        Transmutation/Earth          4
   e - Metabolic Englaciation         Hexes/Ice                    5
   f - Yara's Violent Unravelling     Hexes/Transmutation          5
 S - a book of Clouds

   Spells                             Type                      Level
   a - Poisonous Vapours              Poison/Air                   2
   b - Mephitic Cloud                 Conjuration/Poison/Air       3
   c - Conjure Flame                  Conjuration/Fire             3
   d - Freezing Cloud                 Conjuration/Ice/Air          6
   e - Ring of Flames                 Charms/Fire                  7
Comestibles
 g - 7 bread rations
 o - 6 royal jellies
 E - a meat ration
 P - 6 fruits


   Skills:
 + Level 9.2 Fighting
 - Level 1.7 Dodging
 - Level 7.4 Unarmed Combat
 - Level 2.4 Spellcasting
 - Level 4.9(7.1) Hexes
 - Level 12.3(14.3) Transmutations


You had 3 spell levels left.
You knew the following spells:

 Your Spells              Type           Power        Failure   Level  Hunger
a - Beastly Appendage     Tmut           ######       1%          1    #......
b - Sticks to Snakes      Tmut           ######..     1%          2    ##.....
c - Spider Form           Tmut/Pois      ####......   3%          3    ###....
d - Ice Form              Ice/Tmut       ####....     12%         4    #####..
e - Confusing Touch       Hex            ####..       1%          1    #......


Dungeon Overview and Level Annotations

Branches:
Dungeon (9/15)             Temple (0/1) D:6            Lair (3/6) D:8
  Swamp (0/4) Lair:3
  Snake: Lair:2-4    Spider: Lair:2-4       Orc: D:9-12

Altars:
Ashenzari
Makhleb
Qazlal

Annotations:
D:4 Pikel; demenzo's ghost, novice MfSk
D:6 tarabluh's ghost, novice KoHu
Lair:3 eruonna's ghost, journeyman TrMo


Innate Abilities, Weirdness & Mutations

You can breathe bolts of dispelling energy.
Your rich purple scales are hard. (AC +7)
You cannot fit into any form of body armour.
You are cold-blooded and may be slowed by cold attacks.


Message History

Your adder barely misses the spriggan.
Your adder barely misses the troll. x2
The troll closely misses your water moccasin.
The troll claws your water moccasin!
The troll barely misses your water moccasin.
The spriggan hits you with a rapier.
* * * LOW HITPOINT WARNING * * *
A bullfrog comes into view.
You take 6 damage, and have 1/97 hp.
Your water moccasin bites the troll.
The troll looks as sick as possible!
Your water moccasin poisons the troll!
Your adder barely misses the troll.
Your adder misses the troll.
Your adder barely misses the spriggan.
The troll bites your water moccasin!
Your water moccasin dies!
The troll shouts!
Casting: Sticks to Snakes
Confirm with . or Enter, or press ? or * to list all spells.
You create 3 snakes!
You now have 9 arrows.
The troll dies!
Your adder misses the spriggan. x2; The spriggan hits you with a rapier!
You die...

....# *
♣♣.....♣*
#.#..
....#*
♣.....♣*
#.#..
....#* *
♣)♣ , #.#.(
..... ♣♣)♣
* #.#..
....# ♣♣.F♣
*{* #.#..
....# ♣SS♣♣
,* #.#..
....# ♣♣S.♣
##.#..
....# ♣.i♣♣
*, #.....
....# ♣♣♣
♣@S♣ ,
#.....
....# ♣.♣
♣♣S♣♣ ,
#.....
....# ♣♣♣.♣
♣.S♣ ,
#.###.
....#
♣♣...♣♣♣..♣
, * #.# #.
....#
♣.....♣..♣♣
* #.###.
.##.#
♣...♣....♣
,* ##....
.##.#
♣)♣♣♣♣.♣♣♣
* #....
..#, ♣)♣
♣♣♣ * #....
..# ♣.♣♣ *
#....


You could see a spriggan, a bullfrog, a friendly water moccasin and 5 friendly
adders.

Vanquished Creatures
  2 spiny frogs
  A komodo dragon (Lair:1)
  2 rime drakes (Lair:2)
  A polar bear (Lair:2)
  3 blink frogs
  2 hippogriffs
  3 spriggans (D:9)
  2 hogs (D:7)
  A human (D:7)
  5 yaks
  A vampire mosquito (Lair:2)
  3 water moccasins
  2 porcupines (Lair:2)
  A black bear (D:5)
  A phantom (D:8)
  A sky beast (D:9)
  An ice beast (D:7)
  3 centaurs
  7 crocodiles
  6 bullfrogs
  A water moccasin zombie (D:7)
  2 scorpions
  A centaur zombie (D:7)
  A quasit (D:9)
  2 hounds (D:5)
  Crazy Yiuf (D:7)
  A jelly (D:6)
  An orc priest (D:7)
  2 worker ants
  5 orc wizards
  A hound zombie (D:9)
  3 hound skeletons
  Robin (D:2)
  8 gnolls
  10 adders
  2 shadow imps
  An ooze (D:3)
  An adder zombie (D:5)
  4 worms (D:2)
  2 dart slugs
  2 leopard geckos
  23 orcs
  A giant cockroach (D:3)
  22 goblins
  13 hobgoblins
  16 jackals
  8 kobolds
  5 quokkas
  A ball python (D:2)
  7 bats
  5 frilled lizards
201 creatures vanquished.

Vanquished Creatures (collateral kills)
  2 trolls (D:9)
  Grinder (D:5)
  A blink frog (Lair:1)
  3 spriggans (D:9)
  A yak (D:9)
  An ogre (D:7)
  A phantom (D:9)
  A sky beast (D:9)
  A bullfrog (D:7)
  A howler monkey (D:9)
  An adder (D:2)
  4 gnolls
  2 orcs
  A kobold (D:2)
  A rat (D:2)
22 creatures vanquished.

Vanquished Creatures (others)
  A fungus (Lair:2)
1 creature vanquished.

Grand Total: 224 creatures vanquished

Notes
Turn   | Place    | Note
-------+----------+-------------------------------------------
     0 | D:1      | yesno the Draconian Transmuter began the quest for the Orb.
     0 | D:1      | Reached XP level 1. HP: 16/16 MP: 3/3
     3 | D:1      | Noticed a tengu
     3 | D:1      | Noticed an octopode
     5 | D:1      | Noticed a vine stalker
     5 | D:1      | Noticed an elf
     7 | D:1      | Noticed a dwarf
     7 | D:1      | Noticed a demonspawn
     9 | D:1      | Noticed a formicid
     9 | D:1      | Noticed a felid
    11 | D:1      | Noticed a draconian
    11 | D:1      | Noticed a troll
    13 | D:1      | Noticed a demigod
    13 | D:1      | Noticed a naga
    15 | D:1      | Noticed a halfling
    15 | D:1      | Noticed a centaur
    17 | D:1      | Noticed a vampire
    19 | D:1      | Noticed a human
    21 | D:1      | Noticed a merfolk
    21 | D:1      | Noticed a gargoyle
    23 | D:1      | Noticed a ghoul
    25 | D:1      | Noticed a spriggan
    25 | D:1      | Noticed an ogre
    27 | D:1      | Noticed a minotaur
   221 | D:1      | Reached XP level 2. HP: 14/23 MP: 5/5
   671 | D:1      | Learned a level 2 spell: Sticks to Snakes
   849 | D:2      | Noticed Robin
   992 | D:2      | Reached XP level 3. HP: 7/28 MP: 0/6
  1584 | D:2      | Killed Robin
  1590 | D:2      | Reached XP level 4. HP: 22/35 MP: 5/7
  1718 | D:2      | Found a faded altar of an unknown god.
  1721 | D:2      | Became a worshipper of Ashenzari the Shackled
  1721 | D:2      | Reached * piety under Ashenzari
  1785 | D:2      | Reached skill level 5 in Unarmed Combat
  2095 | D:2      | Learned a level 3 spell: Spider Form
  2210 | D:2      | Upgraded the game from 0.20-a0-833-gc632bec to 0.20-a0-839-gdaf5c57
  2210 | D:2      | Upgraded the game from 0.20-a0-839-gdaf5c57 to 0.20-a0-850-ge5a7832
  2433 | D:2      | Reached XP level 5. HP: 37/40 MP: 4/8
  2942 | D:3      | Found a stormy altar of Qazlal.
  3819 | D:3      | Reached XP level 6. HP: 47/47 MP: 1/9
  4373 | D:4      | Noticed a slave
  4374 | D:4      | Noticed a slave
  4386 | D:4      | Noticed Pikel
  4387 | D:4      | Noticed a slave
  4431 | D:3      | Found a burning altar of Makhleb.
  4513 | D:4      | Noticed demenzo's ghost (novice MfSk)
  4532 | D:5      | Entered Level 5 of the Dungeon
  4747 | D:5      | Noticed Grinder
  4765 | D:5      | Killed Grinder
  4765 | D:5      | Reached skill level 4 in Transmutations
  4765 | D:5      | Your scales start taking on a rich purple colour.
  4765 | D:5      | Reached XP level 7. HP: 40/52 MP: 1/10
  5446 | D:5      | Reached skill level 5 in Transmutations
  5634 | D:6      | Reached ** piety under Ashenzari
  5644 | D:6      | Noticed tarabluh's ghost (novice KoHu)
  5704 | D:6      | Found a staircase to the Ecumenical Temple.
  5828 | D:7      | Learned a level 4 spell: Ice Form
  5846 | D:7      | Reached skill level 6 in Transmutations
  5932 | D:7      | Reached XP level 8. HP: 44/59 MP: 7/11
  5941 | D:7      | Learned a level 1 spell: Confusing Touch
  6104 | D:7      | Found a flagged portal.
  6111 | Bailey   | Entered a bailey
  6408 | Bailey   | Reached skill level 7 in Transmutations
  6876 | D:7      | Reached skill level 8 in Transmutations
  6887 | D:7      | HP: 2/70 [human/hand axe (5)]
  7037 | D:7      | Reached skill level 9 in Transmutations
  7255 | D:7      | Found a runed door.
  7366 | D:7      | Reached XP level 9. HP: 64/64 MP: 7/12
  7580 | D:7      | Noticed Crazy Yiuf
  7586 | D:7      | Killed Crazy Yiuf
  7684 | D:8      | Reached skill level 10 in Transmutations
  7940 | D:8      | Found a staircase to the Lair.
  7944 | Lair:1   | Entered Level 1 of the Lair of Beasts
  8028 | Lair:1   | Reached *** piety under Ashenzari
  8113 | Lair:1   | Reached skill level 11 in Transmutations
  8169 | Lair:1   | Noticed a spiny frog
  8178 | Lair:1   | Killed a spiny frog
  8434 | Lair:1   | Noticed a komodo dragon
  8442 | Lair:1   | Killed a komodo dragon
  8442 | Lair:1   | Reached skill level 12 in Transmutations
  8840 | Lair:2   | Noticed a rime drake
  9012 | Lair:1   | Reached skill level 1 in Hexes
  9109 | Lair:1   | Reached XP level 10. HP: 41/71 MP: 5/13
  9223 | Lair:2   | Noticed a spiny frog
  9474 | Lair:2   | Found a dark tunnel.
  9677 | Lair:2   | Noticed a spiny frog
  9687 | Lair:2   | Killed a spiny frog
  9833 | Lair:2   | Reached skill level 5 in Fighting
 10209 | Lair:3   | Found a staircase to the Swamp.
 10361 | Lair:3   | Noticed eruonna's ghost (journeyman TrMo)
 11346 | D:9      | Reached **** piety under Ashenzari
 11405 | D:9      | Reached XP level 11. HP: 19/97 MP: 4/14
 11469 | D:9      | HP: 1/97 [spriggan/rapier (6)]
 11471 | D:9      | Mangled by a spriggan

Vault maps used:
D:1:      kb_arrival_jail
D:2:      chequers_ecumenical_altar_grove, uniq_robin
D:3:      lemuel_upstairs_altar, old_standard_altar, first_bread, serial_glass,
          glass_columns_a, glass_columns_c, minmay_strange_pillars,
          minmay_strange_pillars, minmay_misc_feat_square,
          guppyfry_early_lair_pool
D:4:      uniq_pikel
D:5:      minmay_misc_feat_plants, kennysheep_decorative_pillar,
          kennysheep_generic_room_4, uniq_grinder
D:6:      lemuel_temple_firewalk_a
D:7:      enter_bailey_3, grunt_livestock, hangedman_decor_diamond_cutter,
          hangedman_decor_clover_reticule, uniq_crazy_yiuf_cottage
D:8:      lair_entry_dummy, abandoned_shop
D:9:      kb_forest_paths, lemuel_coloured_pillars_altar
Lair:1:   st_stairs_11
Lair:2:   nicolae_volcano_entry_two_sided, grunt_megastairs_2
Lair:3:   minmay_swamp_entry_swarm, uniq_fannar, uniq_nergalle
Bailey:   bailey_axe_2, bailey

Skill      XL: |  1  2  3  4  5  6  7  8  9 10 |
---------------+-------------------------------+-----
Unarmed Combat | 4 5 6 7 |  7.4
Transmutations | 4 6 9 12 | 12.3
Hexes          | 2 4 |  4.9
Fighting       | 9 |  9.2
Dodging        | |  1.7
Spellcasting   | |  2.4

Action                   |  1- 3 |  4- 6 |  7- 9 | 10-12 || total
-------------------------+-------+-------+-------+-------++-------
Melee: Unarmed           |   140 |   263 |   276 |   183 ||   862
       Kick              |    10 |    23 |     4 |       ||    37
       Tailslap          |    11 |    30 |    19 |     8 ||    68
       Headbutt          |     7 |    13 |    15 |       ||    35
       Punch             |     1 |     9 |     5 |     2 ||    17
 Fire: Blowgun           |       |     1 |       |       ||     1
 Cast: Beastly Appendage |    24 |    33 |    17 |       ||    74
       Sticks to Snakes  |     3 |    17 |    18 |    18 ||    56
       Ice Form          |       |       |    17 |    16 ||    33
       Confusing Touch   |       |       |     1 |    19 ||    20
Invok: Curse Item        |       |       |     1 |       ||     1
 Abil: End Transformatio |       |       |     1 |     1 ||     2
Evoke: Wand              |       |       |     2 |     4 ||     6
  Use: Potion            |       |     4 |     6 |     4 ||    14
       Scroll            |       |     9 |     5 |     4 ||    18
 Stab: Distracted        |       |     1 |       |       ||     1
       Confused          |       |       |     2 |    10 ||    12
  Eat: Bread ration      |     1 |       |       |       ||     1
       Chunk             |       |    10 |    10 |     9 ||    29
       Meat ration       |       |     1 |     1 |       ||     2
       Royal jelly       |       |       |     1 |       ||     1
       Fruit             |       |       |     1 |       ||     1
Armor: Skin              |    35 |    69 |    72 |    35 ||   211
Dodge: Dodged            |    66 |   124 |   165 |    80 ||   435
